 Dungeon Crawl Stone Soup version 0.22.0-38-g04b72b8 (webtiles) character file.

219 shmeve the Skirmisher (level 5, -3/72 HPs)
             Began as a Minotaur Berserker on Aug 29, 2018.
             Was a Believer of Trog.
             Slain by a centaur (4 damage)
             ... on level 4 of the Dungeon.
             The game lasted 00:05:59 (3719 turns).

shmeve the Skirmisher (Minotaur Berserker)          Turns: 3719, Time: 00:06:00

Health: -3/72      AC:  3    Str: 28    XL:     5   Next: 63%
Magic:  4/4        EV: 12    Int:  4    God:    Trog [**....]
Gold:   123        SH:  0    Dex:  9    Spells: 4/4 levels left

rFire    . . .     SeeInvis .   a - +0 hand axe
rCold    . . .     Gourm    .   (no shield)
rNeg     . . .     Faith    .   b - +0 animal skin
rPois    .         Spirit   .   (helmet restricted)
rElec    .         Reflect  .   (no cloak)
rCorr    .         Harm     .   j - +0 pair of gloves
MR       .....                  (no boots)
Stlth    ..........             (no amulet)
HPRegen  0.22/turn              (no ring)
MPRegen  0.09/turn              (no ring)

@: berserking, starving, very quick
A: retaliatory headbutt, horns 2
a: Berserk, Trog's Hand, Renounce Religion


You were on level 4 of the Dungeon.
You worshipped Trog.
Trog was pleased with you.
You were starving.

You visited 1 branch of the dungeon, and saw 4 of its levels.

You collected 123 gold pieces.

Inventory:

Hand Weapons
 a - a +0 hand axe (weapon)
Missiles
 l - a throwing net (quivered)
Armour
 b - a +0 animal skin (worn)
 j - a +0 pair of gloves (worn)
Wands
 n - a wand of scattershot (7)
Scrolls
 e - a scroll of noise {unknown}
 f - 4 scrolls of identify {unknown}
 h - a scroll of enchant weapon {unknown}
 i - 2 scrolls of enchant armour {unknown}
 p - a scroll of teleportation {unknown}
 q - a scroll of fog {unknown}
 r - a scroll of blinking {unknown}
 s - a scroll of remove curse {unknown}
Potions
 d - a potion of magic {unknown}
 g - a potion of brilliance {unknown}
 k - a potion of agility {unknown}
 m - a potion of curing {unknown}
 o - a potion of mutation {unknown}
Comestibles
 c - 8 rations


   Skills:
 * Level 5.1 Fighting
 * Level 4.9 Axes
 * Level 2.5 Throwing
 + Level 3.2 Armour
 + Level 2.9 Dodging


You had 4 spell levels left.
You didn't know any spells.
Your spell library was empty.

Dungeon Overview and Level Annotations

Branches:
Dungeon (4/15)
 Temple: D:4-7

Altars:
Nemelex Xobeh
Trog


Innate Abilities, Weirdness & Mutations

You reflexively headbutt those who attack you in melee.
You have a pair of horns on your head.


Message History

* * * LOW HITPOINT WARNING * * *
You slash the centaur!
The centaur is moderately wounded.
You hit the orc but do no damage. The centaur barely misses you.
You furiously retaliate!
You headbutt the centaur! The orc hits you with a short sword!
* * * LOW HITPOINT WARNING * * *
You closely miss the centaur. Your headbutt misses the centaur.
The centaur is severely wounded.
You hit the orc. The centaur hits you.
* * * LOW HITPOINT WARNING * * *
The orc hits you but does no damage.
You barely miss the centaur.
The centaur is severely wounded.
You hit the orc. The centaur hits you.
* * * LOW HITPOINT WARNING * * *
You barely miss the centaur. Your headbutt misses the centaur.
The centaur is severely wounded.
You closely miss the orc. The centaur hits you.
You die...

...####.##.### ######.##
#.#....# .......#
#.#....#
#.....####.#....#
#............#..# .
#....(..........# ...##
#.....(.........#
......##[..(####'####...
......c@o..(#.ยง#.#^.#...
......##((..####.####...
..... ###.(# #.# .# ####
#..# #.# #..# #^# #..#
#+# #... #####


You could see a centaur and an orc.

Vanquished Creatures
  A bullfrog (D:3)
  6 gnolls
  3 adders
  An ooze (D:3)
  2 dart slugs
  An orc (D:3)
  8 bats
  A giant cockroach (D:3)
  11 goblins
  10 hobgoblins
  8 jackals
  A ball python (D:3)
  A frilled lizard (D:3)
  5 kobolds
  7 rats
66 creatures vanquished.

Notes
Turn   | Place    | Note
-------+----------+-------------------------------------------
     0 | D:1      | shmeve the Minotaur Berserker began the quest for the Orb.
     0 | D:1      | Reached XP level 1. HP: 19/19 MP: 0/0
   400 | D:1      | Reached XP level 2. HP: 27/27 MP: 1/1
   693 | D:1      | Reached skill level 1 in Throwing
   748 | D:1      | Reached skill level 4 in Fighting
   750 | D:1      | Reached ** piety under Trog
   760 | D:1      | Reached XP level 3. HP: 14/33 MP: 2/2
  1685 | D:2      | Reached XP level 4. HP: 19/41 MP: 3/3
  2856 | D:3      | Reached XP level 5. HP: 47/47 MP: 4/4
  3387 | D:3      | Reached skill level 5 in Fighting
  3433 | D:3      | Found a sparkling altar of Nemelex Xobeh.
  3534 | D:3      | Found a bloodstained altar of Trog.
  3705 | D:4      | Noticed a centaur
  3718 | D:4      | HP: 1/72 [centaur (6)]
  3719 | D:4      | Slain by a centaur

Skill      XL: |  1  2  3  4  5 |
---------------+----------------+-----
Throwing       | 1 2 |  2.5
Fighting       | 4 5 |  5.1
Axes           | 4 |  4.9
Armour         | 3 |  3.2
Dodging        | |  2.9

Action                   |  1- 3 |  4- 6 || total
-------------------------+-------+-------++-------
Melee: Hand axe          |    75 |    70 ||   145
       Headbutt          |    13 |     8 ||    21
Invok: Berserk           |     1 |     1 ||     2
 Stab: Sleeping          |       |     2 ||     2
  Eat: Chunk             |     2 |     6 ||     8
Armor: Animal skin       |    10 |    11 ||    21
Dodge: Dodged            |    49 |    35 ||    84
